 Dungeon Crawl Stone Soup version 0.31.0-4-g52a2dc7128 (webtiles) character file.

Game seed: 13314297537620979161

30 Xavori the Trooper (level 3, 30/30 HPs)
             Began as a Djinni Chaos Knight on Jan 22, 2024.
             Was a Plaything of Xom.
             Quit the game on level 1 of the Dungeon.
             The game lasted 00:00:50 (6534 turns).

Xavori the Trooper (Djinni Chaos Knight)            Turns: 6534, Time: 00:00:51

Health: 30/30      AC:  4    Str: 11      XL:     3   Next: 35%
Gold:   52         EV: 12    Int: 13      God:    Xom [....*.] SH:  0 Dex: 13 (14)

rFire   + + .        a - +0 falchion (chaos)
rCold   x . .        (no shield)
rNeg    . . .        b - +2 leather armour
rPois   ∞            (no helmet)
rElec   .            e - +0 cloak
rCorr   .            (no gloves)
SInv    .            (boots unavailable)
Will    .....        (no amulet)
Stlth   +            (no ring)
HPRegen 0.25/turn    (no ring)
MPRegen 0.00/turn

%: random rage (3%)
@: flying
A: sickness immunity, fire resistance 2, cold vulnerability 1, float, innate
caster, HP casting, extra vitality 1, berserk 1, deformed body, screaming 1,
subdued magic 1, inability to drink after injury 1, inability to read after
injury 1
a: Renounce Religion


You were on level 1 of the Dungeon.
You worshipped Xom.
You were a beloved toy of Xom.
You visited 1 branch of the dungeon, and saw 2 of its levels.

You collected 52 gold pieces.

Inventory:

Hand Weapons
 a - a +0 falchion of chaos (weapon)
Armour
 b - a +2 leather armour (worn)
 e - a +0 cloak (worn)
Scrolls
 c - a scroll of butterflies
 d - a scroll of teleportation {unknown}
 f - a scroll of identify {unknown}
Potions
 g - a potion of curing {unknown}


   Skills:
 + Level 3.3 Fighting
 + Level 3.2 Long Blades
 + Level 1.2 Armour
 + Level 2.4 Dodging
 * Level 0.4 Spellcasting
 * Level 0.4 Conjurations
 * Level 0.4 Hexes
 * Level 0.4 Summonings
 * Level 0.4 Necromancy
 * Level 0.4 Translocations
 * Level 0.4 Fire Magic
 * Level 0.4 Ice Magic
 * Level 0.4 Air Magic
 * Level 0.4 Earth Magic
 * Level 0.4 Alchemy


You knew the following spells:

 Your Spells              Type           Power      Damage    Failure   Level
a - Apportation           Tloc           2%         N/A       28%         1
Your spell library was empty.

Dungeon Overview and Level Annotations

Branches:
Dungeon (2/15)

Altars:


Innate Abilities, Weirdness & Mutations

You are immune to sickness and miasma.
You are immune to poison.
Your flesh is very heat resistant. (rF++)
You are vulnerable to cold. (rC-)
You float through the air rather than walking.
You learn spells naturally, not from books.
Your magical power is your life essence.
You have superior vitality. (+4 MHP)
You sometimes lose your temper in combat.
Armour fits poorly on your strangely shaped body.
You occasionally shout uncontrollably at your foes.
Your spells are a little easier to cast, but a little less powerful.
You occasionally lose the ability to drink potions when taking damage.
You occasionally lose the ability to read scrolls when taking damage.


Message History

Your leather armour briefly grows fur, then returns to normal.
You start waiting.
You start waiting.
You are now a very special plaything of Xom.
You start waiting.
You are now a special plaything of Xom.
You start waiting.
Xom is getting BORED.
You start waiting.
You are now a BORING thing.
You start waiting.
Xom makes a sudden noise!
You hear a splashing noise.
You are now a very special plaything of Xom.
You start waiting.
You hear Xom's maniacal laughter.
You feel clumsy.
You start waiting.
You start waiting.
Done waiting.
You start waiting.
You are now a special plaything of Xom.
You start waiting.
Done waiting.
You start waiting.
Done waiting.
You start waiting.
Xom's power almost touches on you for a moment.
Your scroll labelled ANEIC JEZ EDEFF falls out of your pack, then immediately jumps back in!
You are now a beloved toy of Xom.
You start waiting.
Done waiting.
You start waiting.
Done waiting.
You start waiting.
Done waiting.
You start waiting.
Xom is getting BORED.
You start waiting.
Xom is getting BORED.
Are you sure you want to abandon this character and quit the game? (Confirm with "yes".)

##############
#............#
#.##########.# #.# #.#
##########.##########.##
#......@................
##.###########...####.##
#.# #^........# #[# #.#
#.#####...####.## #.#
#.#..............
#.#####.#.##.######..##
#.....#.#.##.#####...#
#####.#.#............#
#......#.####....#


There were no monsters in sight!

Vanquished Creatures
  A dart slug (D:1)
  2 ball pythons (D:1)
  2 endoplasms (D:1)
  2 giant cockroaches (D:1)
  2 goblins (D:1)
  5 hobgoblins (D:1)
  4 bats (D:1)
  2 frilled lizards (D:1)
  3 kobolds (D:1)
  3 rats (D:1)
26 creatures vanquished.

Notes
Turn   | Place    | Note
-------+----------+-------------------------------------------
     0 | D:1      | Xavori the Djinni Chaos Knight began the quest for the Orb.
     0 | D:1      | Reached XP level 1. HP: 20/20 MP: 0/0
   130 | D:1      | Reached XP level 2. HP: 24/25 MP: 0/0
   254 | D:1      | XOM: god gift: green potion {god gift}
   255 | D:1      | XOM: smoke on damage
   306 | D:1      | Reached XP level 3. HP: 30/30 MP: 0/0
   306 | D:1      | Learned a level 1 spell: Apportation
   363 | D:1      | XOM: 4-stop teleportation journey
   398 | D:1      | XOM: chaos upgrade
   493 | D:1      | XOM: divination: magic mapping
   737 | D:1      | XOM: give mutation
   737 | D:1      | Gained mutation: You occasionally lose the ability to drink
                  | potions when taking damage. [Xom's mischief]
  1027 | D:1      | XOM: give mutation
  1151 | D:1      | XOM: give mutations
  1151 | D:1      | Gained mutation: Armour fits poorly on your strangely
                  | shaped body. [Xom's mischief]
  1151 | D:1      | Gained mutation: You sometimes lose your temper in combat.
                  | [Xom's mischief]
  1151 | D:1      | Gained mutation: You occasionally shout uncontrollably at
                  | your foes. [Xom's mischief]
  2458 | D:1      | XOM: cloud trail
  2851 | D:1      | XOM: god gift: staff of death
  3499 | D:1      | XOM: silly message
  3590 | D:1      | XOM is BORED!
  3590 | D:1      | XOM: silly message
  5025 | D:1      | XOM: noise
  5280 | D:1      | XOM: give mutations
  5280 | D:1      | Gained mutation: You occasionally lose the ability to read
                  | scrolls when taking damage. [Xom's mischief]
  5280 | D:1      | Gained mutation: Your spells are a little easier to cast,
                  | but a little less powerful. [Xom's mischief]
  5543 | D:1      | XOM: silly message
  5764 | D:1      | XOM is BORED!
  5764 | D:1      | XOM: noise
  5769 | D:1      | XOM: stat loss: -1 Dex (13/14)
  6202 | D:1      | XOM: silly message
  6534 | D:1      | Quit the game

Illustrated notes

Levels and vault maps discovered:
D:1:      minmay_arrival_split_and_join, layout_basic, corner_web_ring
D:2:      layout_basic, basic_altar, grunt_decor_mini_mirrors,
          kennysheep_generic_room_11, uniq_natasha

Skill      XL: |  1  2 |
---------------+-------+-----
Long Blades    | 3 |  3.2
Fighting       | |  3.3
Armour         | |  1.2
Dodging        | |  2.4
Spellcasting   | |  0.4
Conjurations   | |  0.4
Hexes          | |  0.4
Summonings     | |  0.4
Necromancy     | |  0.4
Translocations | |  0.4
Fire Magic     | |  0.4
Ice Magic      | |  0.4
Air Magic      | |  0.4
Earth Magic    | |  0.4
Alchemy        | |  0.4

Action                     || total
---------------------------++-------
  Melee: Falchion          ||    73
    Use: Potion            ||     1
   Stab: Sleeping          ||     2
 Armour: Leather armour    ||    30
  Dodge: Dodged            ||    44
